DTBL
NEW YORK THUNDER CHOPPERS @ TEXAS JACKALOPE
09/12/2020
 
TOP OF THE 1ST
New York Thunder Choppers batting - Pitching for Texas Jackalope : RHP Gerrit Cole
Pitching: RHP Gerrit Cole
Batting: RHB Harrison Bader 0-0: Ball
1-0: Ground out U3 (Groundball, 34S, EV 80.0 MPH)
Batting: RHB DJ LeMahieu 0-0: Fly out, F8 (Flyball, 8LM, EV 76.3 MPH)
Batting: RHB Pete Alonso 0-0: SOLO HOME RUN (Flyball, 78XD, EV 105.0 MPH), Distance : 432 ft
Batting: RHB Franmil Reyes 0-0: Ball
1-0: Foul Ball, location: 2F
1-1: Called Strike
1-2: Strikes out swinging
Top of the 1st over - 1 run, 1 hit, 0 errors, 0 left on base; New York 1 - Texas 0
BOTTOM OF THE 1ST
Texas Jackalope batting - Pitching for New York Thunder Choppers : LHP Chris Sale
Pitching: LHP Chris Sale
Batting: RHB Ronald Acuna Jr. 0-0: Called Strike
0-1: Foul Ball, location: 2F
0-2: Ground out 5-3 (Groundball, 5S, EV 80.0 MPH)
Batting: RHB Anthony Rendon 0-0: Called Strike
0-1: Ball
1-1: Called Strike
1-2: Fly out, F9 (Flyball, 9S, EV 77.5 MPH)
Batting: RHB Giancarlo Stanton 0-0: Ball
1-0: Ball
2-0: TRIPLE (Flyball, 78XD, EV 96.9 MPH)
Batting: RHB Gary Sanchez 0-0: Ball
1-0: Ball
2-0: Ball
3-0: Base on Balls
Batting: RHB Keston Hiura 0-0: Foul Ball, location: 2F
0-1: Called Strike
0-2: Foul Ball, location: 2F
0-2: Ball
1-2: Strikes out looking
Bottom of the 1st over - 0 runs, 1 hit, 0 errors, 2 left on base; New York 1 - Texas 0
TOP OF THE 2ND
New York Thunder Choppers batting - Pitching for Texas Jackalope : RHP Gerrit Cole
Batting: RHB Andrew McCutchen 0-0: Called Strike
0-1: Swinging Strike
0-2: Ball
1-2: Strikes out swinging
Batting: RHB Brian Anderson 0-0: Called Strike
0-1: Ball
1-1: Called Strike
1-2: SINGLE (Groundball, 56D, EV 106.9 MPH)
Batting: RHB Jean Segura 0-0: SINGLE (Groundball, 56D, EV 100.6 MPH)
Brian Anderson to second
Batting: RHB Willy Adames 0-0: Ball
1-0: Foul Ball, location: 2F
1-1: Swinging Strike
1-2: Foul Ball, location: 2F
1-2: Ball
2-2: Ball
3-2: Grounds into double play, 5-4-3 (Groundball, 5, EV 85.6 MPH)
Top of the 2nd over - 0 runs, 2 hits, 0 errors, 1 left on base; New York 1 - Texas 0
BOTTOM OF THE 2ND
Texas Jackalope batting - Pitching for New York Thunder Choppers : LHP Chris Sale
Batting: RHB Paul Goldschmidt 0-0: Fly out, F8 (Flyball, 78D, EV 96.3 MPH)
Batting: RHB J.D. Davis 0-0: Foul Ball, location: 2F
0-1: Ground out 6-3 (Groundball, 6, EV 99.4 MPH)
Batting: LHB Didi Gregorius 0-0: Ball
1-0: Ball
2-0: Ball
3-0: Called Strike
3-1: Ground out 6-3 (Groundball, P, EV 89.4 MPH)
Bottom of the 2nd over - 0 runs, 0 hits, 0 errors, 0 left on base; New York 1 - Texas 0
TOP OF THE 3RD
New York Thunder Choppers batting - Pitching for Texas Jackalope : RHP Gerrit Cole
Batting: RHB Wilson Ramos 0-0: Ball
1-0: Called Strike
1-1: Ball
2-1: Ball
3-1: Foul Ball, location: 2F
3-2: Strikes out swinging
Batting: RHB Harrison Bader 0-0: Called Strike
0-1: Ball
1-1: Ball
2-1: Ball
3-1: Bunt for hit to 5S - play at first, batter OUT! 5-3
Batting: RHB DJ LeMahieu 0-0: Called Strike
0-1: Ball
1-1: Swinging Strike
1-2: Ground out 1-3 (Groundball, 13, EV 71.9 MPH)
Top of the 3rd over - 0 runs, 0 hits, 0 errors, 0 left on base; New York 1 - Texas 0
BOTTOM OF THE 3RD
Texas Jackalope batting - Pitching for New York Thunder Choppers : LHP Chris Sale
Batting: RHB Mitch Haniger 0-0: Foul Ball, location: 2F
0-1: Fly out, F5 (Popup, 56, EV 78.8 MPH)
Batting: RHB Ronald Acuna Jr. 0-0: Ball
1-0: Foul Ball, location: 2F
1-1: Ball
2-1: Ball
3-1: SINGLE (Popup, 34D, EV 62.5 MPH)
Batting: RHB Anthony Rendon 0-0: Ball
1-0: Fly out, F8 (Flyball, 8LXD, EV 90.6 MPH)
Batting: RHB Giancarlo Stanton 0-0: Called Strike
0-1: Ball
1-1: Ball
2-1: Foul Ball, location: 2F
2-2: Strikes out swinging
Bottom of the 3rd over - 0 runs, 1 hit, 0 errors, 1 left on base; New York 1 - Texas 0
TOP OF THE 4TH
New York Thunder Choppers batting - Pitching for Texas Jackalope : RHP Gerrit Cole
Batting: RHB Pete Alonso 0-0: Ball
1-0: Foul Ball, location: 2F
1-1: Called Strike
1-2: Ball
2-2: Fly out, F8 (Flyball, 8LS, EV 84.4 MPH)
Batting: RHB Franmil Reyes 0-0: Called Strike
0-1: Called Strike
0-2: Ball
1-2: Ball
2-2: Strikes out swinging
Batting: RHB Andrew McCutchen 0-0: Foul Ball, location: 2F
0-1: Ball
1-1: Ball
2-1: Foul Ball, location: 2F
2-2: Strikes out swinging
Top of the 4th over - 0 runs, 0 hits, 0 errors, 0 left on base; New York 1 - Texas 0
BOTTOM OF THE 4TH
Texas Jackalope batting - Pitching for New York Thunder Choppers : LHP Chris Sale
Batting: RHB Gary Sanchez 0-0: Called Strike
0-1: Ball
1-1: Called Strike
1-2: Ball
2-2: Ground out 5-3 (Groundball, 56S, EV 86.9 MPH)
Batting: RHB Keston Hiura 0-0: Ground out U3 (Groundball, 34, EV 82.5 MPH)
Batting: RHB Paul Goldschmidt 0-0: Ball
1-0: Swinging Strike
1-1: Ball
2-1: SOLO HOME RUN (Flyball, 7LD, EV 101.9 MPH), Distance : 396 ft
Batting: RHB J.D. Davis 0-0: Ball
1-0: SINGLE (Line Drive, 6MD, EV 99.4 MPH)
Batting: LHB Didi Gregorius 0-0: Ball
1-0: Fly out, F9 (Flyball, 9S, EV 90.0 MPH)
Bottom of the 4th over - 1 run, 2 hits, 0 errors, 1 left on base; New York 1 - Texas 1
TOP OF THE 5TH
New York Thunder Choppers batting - Pitching for Texas Jackalope : RHP Gerrit Cole
Batting: RHB Brian Anderson 0-0: Called Strike
0-1: SINGLE (Groundball, 6D, EV 106.3 MPH)
Batting: RHB Jean Segura 0-0: Foul Ball, location: 2F
0-1: Called Strike
0-2: Strikes out swinging
Batting: RHB Willy Adames 0-0: Called Strike
0-1: Ball
1-1: Fly out, F8 (Flyball, 89XD, EV 101.9 MPH)
Batting: RHB Wilson Ramos 0-0: Called Strike
0-1: Foul Ball, location: 2F
0-2: Strikes out swinging
Top of the 5th over - 0 runs, 1 hit, 0 errors, 1 left on base; New York 1 - Texas 1
BOTTOM OF THE 5TH
Texas Jackalope batting - Pitching for New York Thunder Choppers : LHP Chris Sale
Batting: RHB Mitch Haniger 0-0: Called Strike
0-1: Called Strike
0-2: Strikes out swinging
Batting: RHB Ronald Acuna Jr. 0-0: Foul Ball, location: 2F
0-1: Ball
1-1: SINGLE (Line Drive, 7S, EV 111.3 MPH)
Batting: RHB Anthony Rendon 0-0: Ball
1-0: Fly out, F9 (Flyball, 9, EV 76.9 MPH)
Batting: RHB Giancarlo Stanton 0-0: Ball
1-0: Ball
2-0: Ball
3-0: Called Strike
3-1: Called Strike
3-2: Foul Ball, location: 2F
3-2: Foul Ball, location: 2F
3-2: Base on Balls
Ronald Acuna Jr. to second
Batting: RHB Gary Sanchez 0-0: Fly out, F6 (Popup, 56D, EV 48.8 MPH)
Bottom of the 5th over - 0 runs, 1 hit, 0 errors, 2 left on base; New York 1 - Texas 1
TOP OF THE 6TH
New York Thunder Choppers batting - Pitching for Texas Jackalope : RHP Gerrit Cole
Batting: RHB Harrison Bader 0-0: Ball
1-0: Called Strike
1-1: Foul Ball, location: 2F
1-2: Ball
2-2: Strikes out looking
Batting: RHB DJ LeMahieu 0-0: Called Strike
0-1: Bunt - Flyout to 25! F5
Batting: RHB Pete Alonso 0-0: Ball
1-0: Swinging Strike
1-1: Foul Ball, location: 2F
1-2: Foul Ball, location: 2F
1-2: Ball
2-2: Ball
3-2: SINGLE (Line Drive, 8RS, EV 107.5 MPH)
Batting: RHB Franmil Reyes 0-0: Foul Ball, location: 2F
0-1: Swinging Strike
0-2: Ball
1-2: Fly out, F9 (Line Drive, 9, EV 90.0 MPH)
Top of the 6th over - 0 runs, 1 hit, 0 errors, 1 left on base; New York 1 - Texas 1
BOTTOM OF THE 6TH
Texas Jackalope batting - Pitching for New York Thunder Choppers : LHP Chris Sale
Batting: RHB Keston Hiura 0-0: Ball
1-0: Swinging Strike
1-1: Foul Ball, location: 2F
1-2: Strikes out swinging
Batting: RHB Paul Goldschmidt 0-0: Called Strike
0-1: Reached on error, E6 (Groundball, 6, EV 83.1 MPH)
Batting: RHB J.D. Davis 0-0: Swinging Strike
0-1: Ball
1-1: Ball
2-1: Ground out 5-3 (Groundball, 56, EV 87.5 MPH)
Batting: LHB Didi Gregorius 0-0: Ball
1-0: Fly out, F8 (Flyball, 8RS, EV 94.4 MPH)
Bottom of the 6th over - 0 runs, 0 hits, 1 error, 1 left on base; New York 1 - Texas 1
TOP OF THE 7TH
New York Thunder Choppers batting - Pitching for Texas Jackalope : RHP Gerrit Cole
Batting: RHB Andrew McCutchen 0-0: Ball
1-0: Ball
2-0: Called Strike
2-1: Fly out, F8 (Flyball, 78M, EV 80.0 MPH)
Batting: RHB Brian Anderson 0-0: Ball
1-0: SINGLE (Line Drive, 9LS, EV 93.1 MPH)
Batting: RHB Jean Segura 0-0: Ball
1-0: Called Strike
1-1: Fly out, F9 (Line Drive, 9, EV 93.1 MPH)
Batting: RHB Willy Adames 0-0: Ball
1-0: Foul Ball, location: 2F
1-1: Called Strike
1-2: Ball
2-2: Strikes out swinging
Top of the 7th over - 0 runs, 1 hit, 0 errors, 1 left on base; New York 1 - Texas 1
BOTTOM OF THE 7TH
Texas Jackalope batting - Pitching for New York Thunder Choppers : LHP Chris Sale
Batting: RHB Mitch Haniger 0-0: Ball
1-0: Ball
2-0: Called Strike
2-1: Swinging Strike
2-2: Foul Ball, location: 2F
2-2: Foul Ball, location: 2F
2-2: Foul Ball, location: 2F
2-2: Ball
3-2: Base on Balls
Pitching: RHP Hunter Harvey
Batting: RHB Ronald Acuna Jr. 0-0: Swinging Strike
0-1: Fly out, F9 (Line Drive, 9, EV 98.8 MPH)
Batting: RHB Anthony Rendon 0-0: Ball
1-0: Fly out, F4 (Flyball, 34D, EV 80.0 MPH)
Batting: RHB Giancarlo Stanton 0-0: Reached on error, E3 (Groundball, 13, EV 84.4 MPH)
Mitch Haniger to second
Batting: RHB Gary Sanchez 0-0: Ball
1-0: Fly out, F7 (Flyball, 78M, EV 90.0 MPH)
Bottom of the 7th over - 0 runs, 0 hits, 1 error, 2 left on base; New York 1 - Texas 1
TOP OF THE 8TH
New York Thunder Choppers batting - Pitching for Texas Jackalope : RHP Gerrit Cole
Batting: RHB Wilson Ramos 0-0: Called Strike
0-1: Ball
1-1: Ball
2-1: Fly out, F8 (Flyball, 8LM, EV 87.5 MPH)
Pitching: LHP Sean Doolittle
Batting: RHB Harrison Bader 0-0: Ball
1-0: Called Strike
1-1: Called Strike
1-2: Strikes out swinging
Batting: RHB DJ LeMahieu 0-0: Foul Ball, location: 2F
0-1: DOUBLE (Line Drive, 9LS, EV 94.4 MPH)
Batting: RHB Pete Alonso 0-0: Fly out, F9 (Flyball, 9, EV 85.0 MPH)
Top of the 8th over - 0 runs, 1 hit, 0 errors, 1 left on base; New York 1 - Texas 1
BOTTOM OF THE 8TH
Texas Jackalope batting - Pitching for New York Thunder Choppers : RHP Hunter Harvey
Batting: RHB Keston Hiura 0-0: SINGLE (Line Drive, 56D, EV 103.8 MPH)
Batting: RHB Paul Goldschmidt 0-0: Ball
1-0: Foul Ball, location: 2F
1-1: Foul Ball, location: 2F
1-2: Foul Ball, location: 2F
1-2: Ball
2-2: Grounds into double play, 4-6-3 (Groundball, 4, EV 83.1 MPH)
Batting: RHB J.D. Davis 0-0: Swinging Strike
0-1: Ball
1-1: Swinging Strike
1-2: Ball
2-2: SOLO HOME RUN (Flyball, 78XD, EV 103.8 MPH), Distance : 426 ft
Pitching: RHP Craig Kimbrel
Batting: LHB Didi Gregorius 0-0: Ball
1-0: Ground out 4-3 (Groundball, 4, EV 85.0 MPH)
Bottom of the 8th over - 1 run, 2 hits, 0 errors, 0 left on base; New York 1 - Texas 2
TOP OF THE 9TH
New York Thunder Choppers batting - Pitching for Texas Jackalope : LHP Sean Doolittle
Pitching: RHP Giovanny Gallegos
Pinch Hitting: LHB Anthony Rizzo 0-0: Ball
1-0: Foul Ball, location: 2F
1-1: Ball
2-1: DOUBLE (Line Drive, 9LS, EV 96.9 MPH)
Batting: RHB Andrew McCutchen 0-0: Ball
1-0: Swinging Strike
1-1: Ball
2-1: Foul Ball, location: 2F
2-2: Foul Ball, location: 2F
2-2: Ball
3-2: Strikes out swinging
Batting: RHB Brian Anderson 0-0: Ball
1-0: Called Strike
1-1: Called Strike
1-2: Fly out, F8 (Flyball, 8LXD, EV 89.4 MPH)
Runner from 2nd tags up, SAFE at 3rd, no throw by CF
Pinch Hitting: LHB Kyle Schwarber 0-0: Called Strike
0-1: 2-RUN HOME RUN (Flyball, 89XD, EV 104.4 MPH), Distance : 406 ft
Batting: RHB Willy Adames 0-0: Called Strike
0-1: Ball
1-1: Foul Ball, location: 2F
1-2: Strikes out looking
Top of the 9th over - 2 runs, 2 hits, 0 errors, 0 left on base; New York 3 - Texas 2
BOTTOM OF THE 9TH
Texas Jackalope batting - Pitching for New York Thunder Choppers : RHP Craig Kimbrel
Now at 1B: Anthony Rizzo
Now in RF: Whit Merrifield
Batting: RHB Mitch Haniger 0-0: Ball
1-0: Called Strike
1-1: Swinging Strike
1-2: Foul Ball, location: 2F
1-2: Strikes out swinging
Batting: RHB Ronald Acuna Jr. 0-0: Called Strike
0-1: Foul Ball, location: 2F
0-2: Ball
1-2: Fly out, F3 (Line Drive, 3, EV 66.3 MPH)
Batting: RHB Anthony Rendon 0-0: Ball
1-0: Ball
2-0: Called Strike
2-1: Fly out, F7 (Line Drive, 7, EV 93.1 MPH)
Bottom of the 9th over - 0 runs, 0 hits, 0 errors, 0 left on base; New York 3 - Texas 2
Monday, June 29th, 2020 - OOTP Baseball 21.4 Build 63